Map: Lightshade LE

Players

reanimation

  • Race: Terran Terran
  • League: Diamond

ViBE - Winner!

  • Race: Zerg Zerg
  • League: Diamond

VOD

Have the link to the VOD?

Description

Time

  • Played on: April 21, 2021, 7:54 p.m.
  • Length: 21:16
Show
View Real Time Build Order
Export as new Build Order

reanimation Terran 

Build Orders: Reaper Expand, Mech 

Get SALT Encoding   

  12  0:00  SCV  
  13  0:12  SCV  
  14  0:16  Supply Depot  
  14  0:24  SCV  
  15  0:38  SCV  
  15  0:39  Barracks  
  16  0:48  Refinery  
  16  0:50  SCV  
  17  1:03  SCV  
  18  1:15  SCV  
  19  1:28  Orbital Command  
  19  1:32  Reaper  
  20  1:41  Command Center  
  20  1:48  Supply Depot  
  20  1:54  SCV  
  21  2:06  SCV  
  21  2:07  Marine  
  23  2:17  Refinery, Factory  
  23  2:18  SCV  
  24  2:25  Marine  
  25  2:31  Bunker  
  25  2:33  SCV  
  26  2:43  Marine  
  27  2:45  SCV  
  28  2:53  Orbital Command  
  28  2:59  SCV  
  29  3:06  Starport  
  29  3:07  Factory Reactor  
  29  3:10  Marine  
  30  3:17  SCV  
  31  3:20  SCV  
  32  3:31  SCV  
  33  3:36  SCV  
  33  3:45  Starport Tech Lab, Hellion x2  
  37  3:51  Fusion Core  
  37  3:53  SCV  
  37  3:54  SCV, Supply Depot  
  39  3:56  Engineering Bay  
  39  4:05  SCV  
  39  4:06  SCV  
  41  4:11  Hellion  
  41  4:12  Hellion  
  45  4:24  SCV x2, Supply Depot  
  47  4:33  Hellion x2  
  47  4:34  Command Center  
  51  4:46  Battlecruiser  
  51  4:48  Supply Depot  
  51  4:52  SCV, Supply Depot  
  58  4:53  SCV  
  61  5:00  Hellion  
  61  5:05  Refinery, SCV  
  61  5:07  Refinery  
  62  5:09  SCV  
  62  5:10  Hellion  
  65  5:17  SCV  
  66  5:23  Factory  
  66  5:24  SCV  
  66  5:25  Factory  
  67  5:32  Hellion x2  
  71  5:59  Hellion x2  
  71  6:00  Battlecruiser  
  71  6:01  Orbital Command  
  81  6:11  SCV x2  
  83  6:12  Armory  
  83  6:15  Armory  
  83  6:23  SCV  
  78  6:29  Orbital Command  
  76  6:34  Factory Tech Lab  
  76  6:35  Factory Tech Lab  
  80  6:47  Hellion x2  
  80  6:51  Factory, Command Center  
  80  6:53  Factory  
  80  6:55  Siege Tank  
  80  7:00  Siege Tank  
  86  7:02  SCV x2  
  86  7:03  SCV  
  89  7:14  SCV  
  92  7:15  Hellion  
  92  7:43  Factory Tech Lab  
  92  7:44  Factory Reactor  
  92  7:50  Supply Depot  
  92  7:51  Hellion, Supply Depot, Siege Tank x2  
  100  8:03  Terran Vehicle And Ship Armor Level 1, Terran Vehicle Weapons Level 1  
  100  8:15  Hellion x2, Siege Tank  
  100  8:18  SCV x2  
  100  8:19  Refinery  
  109  8:22  Refinery  
  109  8:23  Missile Turret  
  109  8:27  Sensor Tower  
  109  8:28  SCV  
  110  8:39  Thor  
  110  8:40  Hellbat x2  
  120  8:44  Bunker  
  120  8:50  Missile Turret  
  120  8:51  Missile Turret  
  120  8:52  Neosteel Armor  
  120  9:02  Siege Tank  
  125  9:03  Hellbat x4  
  125  9:09  Infernal Pre-Igniter  
  131  9:12  Supply Depot  
  131  9:15  Supply Depot  
  131  9:16  Supply Depot  
  131  9:17  Missile Turret, Supply Depot  
  131  9:20  Supply Depot  
  131  9:25  SCV  
  132  9:34  SCV x2, Hellbat x2  
  125  9:47  Hellbat x3, Siege Tank  
  125  9:48  Hellbat  
  136  10:00  Missile Turret  
  136  10:01  Missile Turret  
  136  10:04  Missile Turret  
  136  10:09  Terran Vehicle Weapons Level 2, Terran Ship Weapons Level 1  
  130  10:23  Weapon Refit  
  130  10:24  Siege Tank x3  
  132  10:43  Hellbat  
  129  10:56  Siege Tank x2  
  133  10:57  Planetary Fortress  
  126  11:23  SCV x3  
  116  11:35  SCV x2  
  116  11:36  Siege Tank x2  
  116  11:37  Hellbat x2  
  116  11:38  Hellbat x2  
  130  11:52  Missile Turret  
  130  11:53  SCV x4  
  134  11:55  Missile Turret  
  134  12:03  Hellbat x2  
  134  12:05  SCV  
  110  12:16  Siege Tank x3  
  116  12:23  Hellbat x2  
  116  12:25  Terran Vehicle And Ship Armor Level 2  
  120  12:33  SCV x4  
  124  12:38  Hellbat x2  
  124  12:41  Missile Turret  
  128  12:45  SCV x3  
  128  12:48  Hellbat x2  
  128  12:50  Raven  
  111  13:17  Siege Tank x2  
  111  13:19  Siege Tank  
  124  13:20  Hellbat x4  
  124  13:25  Refinery  
  128  13:27  Refinery  
  128  13:31  SCV x2  
  128  13:32  SCV  
  131  13:43  Hellbat x3  
  137  13:55  Siege Tank x2  
  116  14:02  Siege Tank  
  116  14:09  SCV  
  118  14:10  SCV x3  
  118  14:11  Hellbat  
  122  14:19  Hellbat x2  
  122  14:22  Raven  
  128  14:27  Siege Tank  
  110  14:48  Hellbat x2, Siege Tank x2  
  110  14:49  Hellbat  
  110  14:52  SCV x4  
  126  14:59  Siege Tank  
  129  15:10  Hellbat x2  
  129  15:11  Hellbat  
  135  15:20  Siege Tank x2  
  142  15:21  SCV x2  
  142  15:24  Battlecruiser  
  142  15:25  Command Center  
  142  15:26  Hellbat  
  151  15:37  Terran Vehicle And Ship Armor Level 3, Terran Vehicle Weapons Level 3  
  151  15:40  Hellbat x2  
  149  15:47  Starport  
  149  15:48  Starport  
  138  15:51  Siege Tank  
  138  15:52  Hellbat x3, Siege Tank  
  148  16:11  Hellbat  
  148  16:12  Hellbat  
  148  16:14  Hellbat  
  154  16:25  Starport Tech Lab, Starport Reactor  
  149  16:28  Siege Tank  
  149  16:29  Hellbat x2, Siege Tank  
  132  16:33  Hellbat  
  132  16:36  Hellbat x2  
  132  16:39  Battlecruiser  
  143  16:48  Smart Servos  
  143  16:50  Drilling Claws  
  143  17:06  Thor x3  
  143  17:07  Hellbat x3  
  143  17:08  Hellbat  
  141  17:27  Battlecruiser  
  147  17:31  Liberator x2  
  147  17:33  Hellbat  
  147  17:34  Hellbat x3  
  161  18:02  Thor, Siege Tank  
  161  18:05  Hellbat, Siege Tank  
  170  18:06  Hellbat x3  
  146  18:25  Terran Ship Weapons Level 2  
  146  18:29  Liberator  
  149  18:36  Siege Tank  
  149  18:38  Hellbat x5  
  138  18:58  Siege Tank  
  138  18:59  Hellbat x2  
  138  19:00  Hellbat  
  132  19:04  Thor  
  132  19:08  Liberator  
  141  19:25  Hellbat x4  
  141  19:29  Siege Tank  
  141  19:31  Hellbat  
  130  19:49  Thor  
  130  19:51  Hellbat x2  
  130  19:52  Siege Tank, Hellbat x2  
  147  19:59  Bunker  
  147  20:00  Bunker  
  147  20:14  Banshee x2  
Show
View Real Time Build Order
Export as new Build Order

ViBE Zerg - Winner!

Build Orders: Hatch First, Roach Hydra, Swarm Host 

Get SALT Encoding   

  12  0:00  Drone  
  13  0:12  Overlord  
  13  0:17  Drone  
  14  0:31  Drone  
  14  0:32  Drone  
  16  0:48  Hatchery  
  15  0:52  Drone  
  15  0:55  Drone  
  17  0:59  Drone  
  18  1:11  Extractor  
  18  1:13  Spawning Pool  
  18  1:18  Drone  
  17  1:19  Drone  
  18  1:29  Drone  
  19  1:50  Drone  
  20  1:57  Overlord  
  20  2:00  Queen x2  
  24  2:01  Zergling x2  
  24  2:02  Zergling x2  
  26  2:10  Drone  
  26  2:12  Metabolic Boost  
  27  2:16  Drone  
  27  2:21  Drone  
  27  2:22  Drone  
  30  2:35  Hatchery  
  29  2:45  Drone  
  29  2:47  Drone x3  
  33  2:56  Overlord  
  33  3:03  Drone  
  34  3:13  Drone x2  
  34  3:15  Queen  
  34  3:17  Overlord  
  38  3:23  Drone x3  
  41  3:29  Overlord  
  41  3:43  Zergling x2  
  41  3:44  Zergling x4  
  44  3:49  Queen  
  44  3:51  Queen, Overlord x2  
  48  4:04  Drone  
  48  4:05  Drone x7, Baneling Nest  
  55  4:11  Roach Warren  
  55  4:15  Overlord x2  
  55  4:16  Overlord  
  55  4:24  Drone  
  55  4:25  Drone x3  
  55  4:26  Queen  
  55  4:27  Queen  
  63  4:37  Drone x6  
  69  4:56  Overlord x2  
  69  4:57  Drone x5  
  69  4:58  Drone x2  
  76  5:10  Queen  
  76  5:11  Queen, Lair  
  80  5:14  Extractor, Drone  
  80  5:15  Drone x6  
  86  5:22  Drone  
  86  5:23  Drone x2  
  89  5:28  Spore Crawler  
  89  5:29  Spore Crawler  
  89  5:31  Spore Crawler, Roach  
  89  5:32  Roach x2  
  89  5:34  Extractor  
  89  5:35  Extractor x2  
  89  5:36  Extractor  
  89  5:39  Roach  
  89  5:40  Roach x4  
  98  5:57  Drone  
  98  5:58  Drone  
  98  5:59  Drone x3  
  98  6:00  Drone x3  
  106  6:10  Glial Reconstitution  
  106  6:12  Overseer  
  106  6:14  Roach x3  
  106  6:15  Hatchery  
  106  6:39  Roach  
  114  6:40  Overlord, Roach x3  
  114  6:41  Overlord x7  
  114  6:57  Infestation Pit  
  113  7:05  Evolution Chamber, Hydralisk Den  
  113  7:06  Drone x4  
  113  7:08  Evolution Chamber  
  114  7:21  Drone x14  
  128  7:26  Overseer  
  128  7:33  Zerg Missile Weapons Level 1  
  128  7:35  Drone x4  
  132  7:41  Extractor, Spore Crawler  
  132  7:42  Overlord x3  
  130  7:44  Extractor  
  130  7:48  Drone x5  
  132  7:54  Hydralisk  
  132  7:55  Hydralisk x7  
  148  7:59  Hatchery  
  148  8:01  Hydralisk x3  
  153  8:25  Grooved Spines  
  153  8:27  Hive, Swarm Host  
  153  8:28  Swarm Host x10  
  186  8:38  Swarm Host x3  
  195  8:59  Swarm Host  
  195  9:01  Swarm Host  
  195  9:02  Spine Crawler  
  200  9:05  Spine Crawler  
  200  9:08  Spine Crawler x2  
  200  9:09  Spine Crawler  
  196  9:11  Spine Crawler x3  
  193  9:35  Spine Crawler  
  193  9:36  Muscular Augments  
  193  9:37  Spore Crawler  
  193  9:38  Spine Crawler  
  190  10:03  Zerg Missile Weapons Level 2  
  190  10:04  Zerg Melee Weapons Level 1, Adrenal Glands  
  190  10:27  Hydralisk x3  
  190  10:28  Hydralisk x3  
  196  10:37  Hydralisk x4  
  180  11:00  Hydralisk x10  
  200  11:16  Hydralisk  
  200  11:17  Hydralisk  
  200  11:23  Hydralisk  
  200  11:24  Hydralisk x4  
  200  11:34  Hydralisk  
  186  12:17  Hydralisk x8  
  200  12:47  Zerg Missile Weapons Level 3, Zerg Melee Weapons Level 2  
  182  13:09  Hydralisk x15  
  182  13:10  Hydralisk  
  180  13:56  Hydralisk x10  
  200  14:17  Ultralisk Cavern  
  200  14:19  Lurker Den  
  200  14:23  Extractor x2  
  196  14:37  Spine Crawler, Spore Crawler  
  180  14:38  Spine Crawler  
  169  14:46  Hydralisk x16  
  169  14:49  Drone  
  169  14:52  Hatchery  
  199  14:53  Drone  
  190  15:19  Drone x10  
  200  15:34  Extractor  
  200  15:35  Extractor  
  198  16:32  Hydralisk  
  180  16:33  Hydralisk x9  
  200  16:56  Seismic Spines  
  200  16:57  Zerg Melee Weapons Level 3  
  200  16:58  Zerg Ground Armor Level 1  
  200  16:59  Chitinous Plating  
  192  17:21  Hydralisk x8  
  192  17:22  Hydralisk x13  
  200  17:53  Adaptive Talons  
  184  18:12  Hydralisk  
  172  18:13  Hydralisk x16  
  172  18:17  Anabolic Synthesis  
  194  18:59  Hydralisk x9  
  200  19:30  Hatchery, Spore Crawler  
  198  19:37  Spine Crawler  
  193  19:39  Spine Crawler  
  174  19:49  Hydralisk x13  
  198  20:46  Swarm Host x2  
Tags
 
Add a new tag
Caveats
  • Supply blocks, unpowered buildings, or Contaminate may cause inaccurate times.
  • Supply counts are checked every 10 seconds.